Cogmind - Beta 15 @@@ ROGUE MODE // 2025.08.19 @ 22:57:05 Player: Mogwok Wargfriend Result: Destroyed by H-71 Marshal with Heavy Mass Driver Performance ------------- Evolutions (5) 2500 Regions Visited (9) 1800 Robots Destroyed (180) 900 Value Destroyed (4697) 4697 Prototype IDs (37) 740 Alien Tech Used (0) 0 Bonus (1890) 1890 TOTAL SCORE: 12527 Bonus ------- High Alert Combat Kills 288 Follower Combat Kills 974 Registered with UFD 300 Met Optimus in HQ 500 Friendly Fire -172 Cogmind --------- Core Integrity 0/1000 Matter 260/300 Energy 100/100 System Corruption 19% Temperature Cool (0) Movement Core (50) Location -5/Factory Parts ------- > --- POWER (1) -------- (None) > --- PROPULSION (4) --- (None) > --- UTILITY (9) ------ Armor Integrity Analyzer Experimental System Shield > --- WEAPON (3) ------- (None) > --- INVENTORY (5) ---- Angular Momentum Engine Micro Fission Core Matter Compressor (250) Advanced System Shield Hypervelocity Coil Gun Peak State ------------ > --- POWER ------------ Fission Core > --- PROPULSION ------- Enhanced Flexi-carbon Leg Compact Wheel Armored Huge Wheel > --- UTILITY ---------- Power Amplifier Large Storage Unit Advanced Sensor Array Improved Signal Interpreter Precision Energy Filter Improved Propulsion Shielding Powered Armor Hacking Suite Experimental System Shield > --- WEAPON ----------- Proton Cannon KE Penetrator Slug Cannon > --- INVENTORY -------- Energy Well Matter Compressor Improved Propulsion Shielding Powered Armor Authchip [R/Combat] Authchip [R/Combat] Improved EM Pulse Cannon Proton Cannon Long-range Proton Cannon Disruptor Cannon Hypervelocity Coil Gun Scatter Rocket Array Datajack Improved Remote Datajack Botcube [Rating: 82] Favorites ----------- Power Improved Ion Engine Engine Improved Ion Engine Power Core Enhanced Nuclear Core Reactor Cold Fusion Reactor Propulsion Armored Wheel Treads Light Treads Leg Titanium Leg Wheel Armored Wheel Hover Unit Improved Airjet Flight Unit Field Propulsion Drive Utility Large Storage Unit Device Heat Sink Storage Large Storage Unit Processor Improved Signal Interpreter Hackware Hacking Suite Protection Hardened Light Armor Plating Weapon Improved Assault Rifle Energy Gun Improved Medium Laser Energy Cannon Advanced Beam Cannon Ballistic Gun Improved Assault Rifle Ballistic Cannon Slug Cannon Launcher Scatter Rocket Array Special Weapon Improved Remote Datajack Impact Weapon Mace Special Melee Weapon Datajack Build | -11 -10 -9 -9 -9 -9 -6 -5 -5 -5 ------- Run | Yrd Mat Mat Sto Rec Scr Fac Fac Was Fac Slots Evolved 10 | . . 2 . . . 6 2 . . Power . | . . . . . . . . . . Propulsion 2 | . . . . . . 1 1 . . Utility 7 | . . 2 . . . 4 1 . . Weapon 1 | . . . . . . 1 . . . Parts Attached 147 | 8 16 17 17 . 6 36 17 5 25 Power 17 | 1 2 4 1 . 1 3 2 . 3 Engine 12 | 1 2 4 1 . 1 1 . . 2 Core 4 | . . . . . . 2 1 . 1 Reactor 1 | . . . . . . . 1 . . Propulsion 33 | 2 3 4 4 . 1 8 2 . 9 Treads 7 | 1 2 1 . . . 2 1 . . Leg 6 | . . 2 1 . . 1 . . 2 Wheel 16 | 1 1 1 3 . 1 4 1 . 4 Hover 1 | . . . . . . 1 . . . Flight 3 | . . . . . . . . . 3 Utility 56 | 2 6 5 5 . 3 16 7 3 9 Device 20 | 1 3 2 2 . . 7 2 1 2 Storage 7 | 1 2 1 . . 1 1 1 . . Processor 4 | . . . . . . 2 . . 2 Hackware 4 | . . 1 . . . 2 . 1 . Protection 21 | . 1 1 3 . 2 4 4 1 5 Artifact . | . . . . . . . . . . Weapon 41 | 3 5 4 7 . 1 9 6 2 4 Energy Gun 10 | 2 3 1 1 . . 1 1 . 1 Energy Cannon 8 | . . 1 2 . . . 2 1 2 Ballistic Gun 15 | 1 . 2 2 . 1 6 2 . 1 Ballistic Cannon 3 | . 1 . . . . 1 . 1 . Launcher 1 | . . . 1 . . . . . . Special Weapon 2 | . 1 . . . . . 1 . . Impact Weapon 1 | . . . . . . 1 . . . Slashing Weapon . | . . . . . . . . . . Piercing Weapon . | . . . . . . . . . . Special Melee Weapon 1 | . . . 1 . . . . . . Unidentified Prototypes 15 | . 1 4 2 . . 2 1 2 3 Parts Lost 62 | . 5 1 2 . . 22 5 . 27 Power 8 | . 1 . 1 . . 2 . . 4 Propulsion 14 | . 2 . 1 . . 4 . . 7 Utility 21 | . 1 . . . . 7 2 . 11 Weapon 19 | . 1 1 . . . 9 3 . 5 Highest Loss Streak 15 | . 2 1 1 . . 12 5 . 15 To Critical Strikes . | . . . . . . . . . . Average Backups 13 | 4 12 14 14 14 13 12 11 13 13 Power 1 | . 1 2 1 2 1 . 1 2 . Propulsion 1 | 2 1 1 1 2 1 1 . . . Utility 4 | . 4 4 3 4 5 4 5 5 5 Weapon 5 | 1 3 6 6 5 4 4 3 4 5 Tool/Special . | . . . . . . . . . . Unused Backups 44 | . 7 7 8 1 2 6 . 1 12 Power 6 | . 1 . . . 1 2 . . 2 Propulsion 6 | . 2 1 2 . . 1 . . . Utility 20 | . 3 3 3 . 1 2 . 1 7 Weapon 12 | . 1 3 3 1 . 1 . . 3 Tool/Special . | . . . . . . . . . . Average Slot Usage (%) 94 | . 99 99 99 100 100 92 80 94 84 Engine 6 | . 13 11 10 11 11 1 . . . Core 1 | . . . . . . 4 3 . 4 Treads 3 | . 13 9 . . . 1 3 5 2 Leg 2 | . . 1 10 . . 2 . . . Wheel 13 | . 14 10 11 22 22 12 8 11 11 Device 12 | . 8 10 11 11 11 13 16 11 14 Storage 8 | . 14 11 11 11 11 6 5 5 5 Processor 3 | . . . . . . 10 5 5 6 Hackware 9 | . . 10 11 11 11 9 11 16 9 Protection 8 | . 5 11 11 11 11 5 9 11 9 Energy Gun 2 | . 16 6 . . . . 2 . 1 Energy Cannon 5 | . . 4 11 11 11 2 1 8 2 Ballistic Gun 8 | . 5 4 10 11 10 14 1 5 2 Ballistic Cannon 1 | . 4 6 . . . . . 2 4 Peak Build Rating 82 | 7 13 24 25 22 24 64 74 80 82 Average Rating 39 | 5 11 18 22 22 22 53 63 76 71 On Entrance 29 | . 7 12 22 22 22 24 33 74 76 Naked Turns . | . . . . . . . . . . Heaviest Build 69 | 14 36 40 43 42 42 62 59 62 69 Greatest Support 54 | 16 16 17 34 22 24 40 44 44 54 Greatest Overweight (x) 10 | 2 3 3 3 1 1 10 1 1 6 Average Overweight (x) 1 | . 2 2 2 1 1 1 . 1 1 Largest Inventory Capacity 15 | 8 15 15 15 15 15 15 15 15 15 Average Capacity 14 | 7 12 15 15 15 15 15 15 15 14 Most Carried 15 | 7 15 15 15 15 15 15 15 15 15 Average Carried 14 | 4 12 14 14 14 14 14 12 14 14 Final Capacity 15 | 8 15 15 15 15 15 15 15 15 5 Final Carried 15 | 7 15 15 15 15 15 9 14 15 5 Class Distribution -------------------- 27% | Mutant 19% | Commander-Mutant 14% | Hacker-Skirmisher 11% | Scavenger-Mutant 8% | Hacker-Mutant 6% | Commander-Skirmisher 4% | Hacker-Tank 3% | Skirmisher Dominant Class ---------------- Mutant | -10/Materials Scavenger-Mutant | -9/Materials Mutant | -9/Storage Commander-Mutant | -9/Recycling Commander-Mutant | -9/Scraptown Hacker-Skirmisher | -6/Factory Hacker-Mutant | -5/Factory Hacker-Tank | -5/Waste Hacker-Skirmisher | -5/Factory Resources | -11 -10 -9 -9 -9 -9 -6 -5 -5 -5 ----------- Run | Yrd Mat Mat Sto Rec Scr Fac Fac Was Fac Matter Collected 5901 | 325 580 497 552 21 60 2523 332 266 745 Remotely 550 | . . . . . . . 332 218 . Salvage Created 7853 | 192 912 908 1737 52 . 3639 243 . 170 Parts 410 | 17 50 52 96 2 . 173 8 . 12 Haulers Intercepted 13 | . 2 4 6 . . 1 . . . Recyclers Shooed 18 | . 3 3 3 1 . 8 . . . Parts Field Recycled . | . . . . . . . . . . Retrieved Matter . | . . . . . . . . . . Parts Self-Destructed . | . . . . . . . . . . Prevented . | . . . . . . . . . . Kills | -11 -10 -9 -9 -9 -9 -6 -5 -5 -5 ------- Run | Yrd Mat Mat Sto Rec Scr Fac Fac Was Fac Combat Hostiles Destroyed 89 | . 14 14 23 1 . 31 4 . 2 Melee 1 | . . . . . . . 1 . . Guns 45 | . 12 3 7 . . 22 1 . . Cannons 33 | . 1 11 16 1 . 2 1 . 1 AOE 8 | . . . . . . 7 . . 1 Classes Destroyed 15 | 3 4 3 2 . . 2 . . 1 Worker 22 | 2 2 2 6 . . 9 . . 1 Builder 14 | . . 1 2 . . 9 . . 2 Tunneler 4 | 3 . 1 . . . . . . . Hauler 13 | . 2 4 6 . . 1 . . . Recycler 19 | 1 3 2 3 . . 10 . . . Mechanic 4 | . . . 1 . . 3 . . . Operator 5 | . 2 1 . . . 2 . . . Watcher 9 | . 3 . 2 . . 3 . . 1 Swarmer 9 | . . 3 4 . . 2 . . . Grunt 48 | . 14 8 6 . . 19 . . 1 Duelist 1 | . . . 1 . . . . . . Sentry 21 | . . 3 12 1 . 4 1 . . Hunter 4 | . . . . . . 2 2 . . Programmer 6 | . . . . . . 4 1 . 1 Martyr 1 | . . . . . . . . . 1 Best Kill Streak 14 | 3 8 4 7 1 . 14 1 . 2 Combat Bots Only 4 | . 4 4 4 1 . 4 1 . 1 Max Kills in Single Turn 4 | 1 1 1 1 1 . 4 1 . 2 Gunslinging . | . . . . . . . . . . Exploded 3 | . . . . . . 3 . . 1 Melee 1 | . . . . . . . 1 . . Uniques/NPCs Destroyed . | . . . . . . . . . . Combat | -11 -10 -9 -9 -9 -9 -6 -5 -5 -5 -------- Run | Yrd Mat Mat Sto Rec Scr Fac Fac Was Fac Hostile Shots Fired 1009 | . 78 63 95 16 . 463 77 . 217 Missed 300 | . 21 17 24 3 . 154 21 . 60 Hits 709 | . 57 46 71 13 . 309 56 . 157 Melee 1 | . . . 1 . . . . . . Projectile 708 | . 57 46 70 13 . 309 56 . 157 AOE 4 | . . . . . . . 2 . 2 Critical Strikes 22 | . 1 1 1 . . 15 1 . 3 Actively Blocked 2 | . . . . . . . 1 . 1 Part Disruptions 1 | . . . . . . 1 . . . Damage Taken 12583 | . 809 570 903 186 . 5002 1241 . 3872 Core 2322 | . 181 163 122 40 . 752 249 . 815 Absorbed by Shields 18 | . . . . . . . . . 18 Redirected to Shielding 489 | . . . . . . . 274 . 215 Regen/Repaired (Parts) 323 | . 74 . 117 . . 74 . 58 . Core Remaining (%) 39 | 100 27 . . . 18 11 . . . Volleys Fired 504 | 15 94 72 112 7 . 155 22 . 27 Largest 3 | 2 2 2 2 2 . 3 3 . 3 Hottest 177 | 60 121 91 91 91 . 145 177 . 162 Shots Fired 1120 | 30 172 144 224 14 . 438 37 1 60 Gun 779 | 30 155 72 112 7 . 355 23 1 24 Cannon 324 | . 10 72 112 7 . 76 13 . 34 Launcher 9 | . . . . . . 7 . . 2 Special 8 | . 7 . . . . . 1 . . Kinetic 691 | 15 83 72 112 7 . 359 13 1 29 Thermal 377 | 15 89 72 112 7 . 72 10 . . Explosive 9 | . . . . . . 7 . . 2 Electromagnetic 42 | . . . . . . . 13 . 29 Robot Hit Streak 29 | 6 9 15 29 13 . 15 8 . 3 Robot Miss Streak 8 | 2 6 5 5 1 . 8 3 1 7 Penetration Max 2 | . . . . . . 2 . . . Secondary Targets 4 | . 1 . . . . 3 . . . Max Gunslinging Chain 1 | . 1 . . . . 1 . . . Shots Hit Robots 644 | 18 94 85 142 11 5 237 29 . 23 Core Hits 299 | 7 35 29 51 2 . 152 8 . 15 Critical Kills 26 | . . . 1 . . 24 . . 1 Critical Parts Destroyed 30 | . . . 1 . . 27 1 . 1 Critical Strikes 69 | . 6 2 2 . . 55 2 . 2 Burn 9 | . 5 2 . . . 1 1 . . Meltdown 1 | . . . 1 . . . . . . Destroy 55 | . . . 1 . . 52 . . 2 Blast 3 | . 1 . . . . 2 . . . Smash 1 | . . . . . . . 1 . . Melee Attacks 25 | . . . . . 5 10 10 . . Impact 13 | . . . . . . 3 10 . . Slashing . | . . . . . . . . . . Piercing . | . . . . . . . . . . Sneak Attacks 13 | . . . . . 5 7 1 . . Combat Hostiles . | . . . . . . . . . . Follow-up Attacks . | . . . . . . . . . . Damage Inflicted 12839 | 212 1501 1491 2721 240 . 5104 815 . 755 Guns 6263 | 212 1319 652 1077 104 . 2446 312 . 141 Cannons 4044 | . 106 839 1644 136 . 707 280 . 332 Explosions 2167 | . 67 . . . . 1818 . . 282 Melee 356 | . . . . . . 133 223 . . Ramming 9 | . 9 . . . . . . . . Kinetic 5585 | 125 690 656 1077 104 . 2523 166 . 244 Thermal 4410 | 87 802 835 1644 136 . 630 146 . 130 Explosive 1757 | . . . . . . 1605 . . 152 Electromagnetic 722 | . . . . . . 213 280 . 229 Impact 356 | . . . . . . 133 223 . . Slashing . | . . . . . . . . . . Piercing . | . . . . . . . . . . Highest Corruption 19 | . . . . . . 8 7 7 19 Average Corruption 7 | . . . . . . 3 4 7 13 Corruption Purged . | . . . . . . . . . . Corruption Blocked . | . . . . . . . . . . Effects 137 | . . . . . . 32 12 11 82 Message Errors 28 | . . . . . . 7 1 5 15 Matter Fused 27 | . . . . . . 6 2 2 17 Heat Flow Errors 12 | . . . . . . 1 4 1 6 Energy Discharges 14 | . . . . . . 5 2 1 6 Parts Fused 4 | . . . . . . 1 . . 3 Data Loss (minor) 24 | . . . . . . 7 1 1 15 Data Loss (major) 8 | . . . . . . 3 . . 5 Misfires 11 | . . . . . . 1 1 1 8 Alerts 4 | . . . . . . . 1 . 3 Misdirections 2 | . . . . . . . . . 2 Weapon Failures 3 | . . . . . . 1 . . 2 Overload Shots . | . . . . . . . . . . Overflow Damage 275 | . 95 8 17 . . 51 101 . 3 Projectiles 43 | . 6 8 17 . . 4 5 . 3 Explosions 106 | . 89 . . . . 17 . . . Melee 126 | . . . . . . 30 96 . . Knockbacks 15 | . . 7 . . . 7 . . 1 Impact 2 | . . . . . . 2 . . . Kinetic 13 | . . 7 . . . 5 . . 1 Secondary . | . . . . . . . . . . Self-Inflicted Damage 320 | . 87 . . . . 182 . . 51 Shots 7 | . 1 . . . . 5 . . 1 Rammed 1 | . 1 . . . . . . . . Targets Rammed 1 | . 1 . . . . . . . . Kicked . | . . . . . . . . . . Crushed . | . . . . . . . . . . Highest Temperature 370 | 20 368 366 153 18 . 370 222 200 270 Average Temperature 56 | 20 90 25 25 6 . 73 71 112 79 Received Heat Transfer 2611 | . 405 237 312 54 . 1285 39 . 279 Effects 6 | . 1 . . . . 5 . . . Shutdowns 1 | . . . . . . 1 . . . Energy Bleed 2 | . 1 . . . . 1 . . . Interference 3 | . . . . . . 3 . . . Siege Activations . | . . . . . . . . . . Martial Activations . | . . . . . . . . . . Shielding Activations . | . . . . . . . . . . Robots Disrupted . | . . . . . . . . . . Combat Hostiles . | . . . . . . . . . . Robots Corrupted 2 | . . . . . . 1 1 . . Combat Hostiles 1 | . . . . . . . 1 . . Parts Fried 4 | . . . . . . 1 2 . 1 Impact Corruptions 6 | . . . . . . 2 4 . . Robots Melted 2 | . 1 . 1 . . . . . . Combat Hostiles 1 | . 1 . . . . . . . . Parts Melted 7 | . 1 . 3 . . 1 1 . 1 Heat Transferred 8853 | 200 2011 1813 2849 222 . 1262 296 . 200 Parts Sabotaged . | . . . . . . . . . . Parts Stolen . | . . . . . . . . . . Parts Stripped . | . . . . . . . . . . Power Chain Reactions 3 | . . . . . . 2 . . 1 Alert | -11 -10 -9 -9 -9 -9 -6 -5 -5 -5 ------- Run | Yrd Mat Mat Sto Rec Scr Fac Fac Was Fac Maximum Alert Level 3 | . . 1 1 . . 3 1 . 3 Low Security (%) 64 | 100 100 95 58 100 . 47 54 100 38 Level 1 18 | . . 4 41 . . 20 45 . 9 Level 2 12 | . . . . . . 14 . . 50 Level 3 5 | . . . . . . 18 . . 1 Level 4 . | . . . . . . . . . . Level 5 . | . . . . . . . . . . High Security . | . . . . . . . . . . Max Security . | . . . . . . . . . . Peak Influence 845 | 5 194 217 270 30 . 845 343 17 706 Initial 343 | . 3 9 53 25 . . 343 17 . Average 202 | 1 96 121 161 5 . 285 189 1 348 Influence Increases 5268 | 30 511 598 791 101 . 1742 130 . 1365 Destroy 0b10 Robot/C 2440 | . 280 280 460 60 . 800 80 . 480 Destroy 0b10 Robot/NC 485 | 30 60 55 100 . . 195 . . 45 Destroy Leader 644 | . 70 78 176 . . 198 30 . 92 Allied During Kill 514 | . . . 3 30 . 145 . . 336 Trap Triggered on 0b10 10 | . . . . . . 10 . . . Successful Hack 167 | . 8 48 16 11 . 48 18 . 18 Disable Machine 300 | . 75 15 30 . . 135 . . 45 Destroy Structure 378 | . 18 2 6 . . 106 2 . 244 Lose Combat Pursuer 330 | . . 120 . . . 105 . . 105 Influence Decreases 4814 | 25 493 493 853 167 . 1040 783 49 911 Entered New Map 523 | . 2 14 75 41 . . 359 32 . Time Decay 3078 | 25 441 469 608 126 . 571 374 17 447 Lost Part 610 | . 50 10 20 . . 220 50 . 260 Lost Ally 453 | . . . . . . 249 . . 204 Purge Threat 150 | . . . 150 . . . . . . Squads Dispatched 39 | . 3 1 2 . . 17 4 . 12 Investigation 12 | . 1 . 1 . . 7 2 . 1 Extermination 9 | . . . . . . 5 1 . 3 Reinforcement 15 | . 2 1 . . . 5 1 . 6 Assault 1 | . . . . . . . . . 1 Garrison 2 | . . . 1 . . . . . 1 Intercept . | . . . . . . . . . . Searches Triggered . | . . . . . . . . . . Construction Impeded 7 | . . . . . . 1 1 . 5 Haulers Reinforced 2 | . . . . . . 2 . . . Active Scanning Responses . | . . . . . . . . . . Cargo Convoy Interrupts . | . . . . . . . . . . Stealth | -11 -10 -9 -9 -9 -9 -6 -5 -5 -5 --------- Run | Yrd Mat Mat Sto Rec Scr Fac Fac Was Fac Distress Signals 16 | . 1 7 3 . . 3 . . 2 Communications Jammed . | . . . . . . . . . . Distress Signals . | . . . . . . . . . . Times Spotted 176 | . 24 22 26 3 . 70 7 . 24 Peak Tracking Total 10 | . 4 10 4 1 . 6 2 . 5 Tactical Retreats 9 | . . 3 . . . 3 . . 3 Traps | -11 -10 -9 -9 -9 -9 -6 -5 -5 -5 ------- Run | Yrd Mat Mat Sto Rec Scr Fac Fac Was Fac Traps Triggered 14 | . 2 . . . . 5 2 . 5 Indirectly 2 | . . . . . . 2 . . . Trap Hack Attempts 25 | . . . 20 . . . 5 . . Triggered . | . . . . . . . . . . Disarmed . | . . . . . . . . . . Reprogrammed 6 | . . . 4 . . . 2 . . Reused 1 | . . . . . . 1 . . . Traps Extracted . | . . . . . . . . . . Installed 1 | . . . . . . 1 . . . Triggered 1 | . . . . . . 1 . . . Most Traps Carried 1 | . . . . . 1 1 . . . Machines | -11 -10 -9 -9 -9 -9 -6 -5 -5 -5 ---------- Run | Yrd Mat Mat Sto Rec Scr Fac Fac Was Fac Machines Disabled 20 | . 5 1 2 . . 9 . . 3 Max in Single Turn 2 | . 1 1 1 . . 2 . . 2 Garrison Access 3 | . . . 1 . . 1 . . 1 Machines Repaired . | . . . . . . . . . . Machines Dismantled . | . . . . . . . . . . Machines Sabotaged . | . . . . . . . . . . Overloaded Fab Kills . | . . . . . . . . . . Hacking | -11 -10 -9 -9 -9 -9 -6 -5 -5 -5 --------- Run | Yrd Mat Mat Sto Rec Scr Fac Fac Was Fac Machines Accessed 79 | . 4 8 18 11 6 18 6 . 8 Terminals 44 | . 3 7 14 6 . 7 3 . 4 Fabricators 5 | . . . . . . 4 1 . . Repair Stations 3 | . 1 . 1 . . 1 . . . Recycling Units 15 | . . 1 2 5 . 4 2 . 1 Scanalyzers 2 | . . . . . . 1 . . 1 Garrison Access 4 | . . . 1 . . 1 . . 2 Total Hacks 245 | . 9 32 42 36 36 58 10 . 22 Successful 168 | . 5 20 29 27 36 39 5 . 7 Failed 76 | . 4 11 13 9 . 19 5 . 15 Catastrophic 15 | . 1 2 1 . . 4 2 . 5 Database Lockouts 1 | . . 1 . . . . . . . Manual 127 | . 5 24 17 24 . 38 5 . 14 Terminals 129 | . 6 25 33 23 . 27 3 . 12 Fabricators 10 | . . . . . . 8 2 . . Repair Stations 7 | . 3 . 2 . . 2 . . . Recycling Units 40 | . . 7 5 13 . 8 5 . 2 Scanalyzers 16 | . . . . . . 12 . . 4 Garrison Access 7 | . . . 2 . . 1 . . 4 Terminal Hacks 79 | . . 10 17 7 36 7 1 . 1 Record 30 | . . . 1 . 29 . . . . Part Schematic 5 | . . . 2 3 . . . . . Robot Schematic 2 | . . . . 1 . 1 . . . Robot Analysis 12 | . . 1 2 . 6 3 . . . Prototype ID Bank 6 | . . 4 1 1 . . . . . Open Door 6 | . . . 6 . . . . . . Open DSF 1 | . . . . . . . 1 . . Level Access Points 1 | . . 1 . . . . . . . Branch Access Points 2 | . . 1 1 . . . . . . Terminal Index 1 | . . . . . . 1 . . . Garrison Index 1 | . . . . . . 1 . . . Alert Level 3 | . . 1 2 . . . . . . Unreport Threat 1 | . . . 1 . . . . . . Locate Traps 3 | . . . 1 . . 1 . . 1 Dispatch Records 1 | . . . . 1 . . . . . Surveillance Status 1 | . . . . 1 . . . . . Registered Components 1 | . . 1 . . . . . . . Registered Prototypes 1 | . . 1 . . . . . . . Proto ID Catalog 1 | . . . . . 1 . . . . Fabricator Hacks 3 | . . . . . . 2 1 . . Network Status 3 | . . . . . . 2 1 . . Repair Station Hacks 7 | . 3 . 2 . . 2 . . . Scan Component 4 | . 2 . 1 . . 1 . . . Repair 3 | . 1 . 1 . . 1 . . . Recycling Unit Hacks 12 | . . 2 3 5 . 1 1 . . Report Inventory 9 | . . 1 2 4 . 1 1 . . Retrieve Components 3 | . . 1 1 1 . . . . . Scanalyzer 13 | . . . . . . 12 . . 1 Insert Component 7 | . . . . . . 6 . . 1 Analyze 6 | . . . . . . 6 . . . Garrison Access Hacks 3 | . . . 1 . . 1 . . 1 Seal Access 3 | . . . 1 . . 1 . . 1 Unauthorized Hacks 51 | . 2 8 6 15 . 14 2 . 4 Terminals 28 | . 2 6 4 7 . 6 . . 3 Assimilate 2 | . . 1 . . . 1 . . . Botnet 22 | . 1 4 4 6 . 4 . . 3 Operators 4 | . 1 1 . 1 . 1 . . . Fabricators 4 | . . . . . . 4 . . . Liberate 4 | . . . . . . 4 . . . Repair Stations . | . . . . . . . . . . Recycling Units 19 | . . 2 2 8 . 4 2 . 1 Reject 8 | . . 1 1 5 . . 1 . . Recyclers 2 | . . . 1 1 . . . . . Mask 3 | . . 1 . 2 . . . . . Fedlink 6 | . . . . . . 4 1 . 1 Scanalyzers . | . . . . . . . . . . Garrison Access . | . . . . . . . . . . Data Cores Recovered 2 | . . . . . . 1 . . 1 Used . | . . . . . . . . . . Hacking Detections 56 | . 4 7 14 8 . 12 4 . 7 Full Trace Events 4 | . . . 1 . . 2 1 . . Feedback Events 1 | . . . . . . 1 . . . Corruption 1 | . . . . . . 1 . . . Feedback Blocked . | . . . . . . . . . . Robot Schematics Acquired 2 | . . . . 1 . 1 . . . Robots Built . | . . . . . . . . . . Authchips . | . . . . . . . . . . Time . | . . . . . . . . . . Total Robot Build Rating . | . . . . . . . . . . Part Schematics Acquired 11 | . . . 2 3 . 6 . . . Parts Built . | . . . . . . . . . . Authchips . | . . . . . . . . . . Time . | . . . . . . . . . . Total Part Build Rating . | . . . . . . . . . . Parts Repaired 3 | . 1 . 1 . . 1 . . . Time 140 | . 51 . 51 . . 38 . . . Parts Recycled . | . . . . . . . . . . Recycled Matter . | . . . . . . . . . . Retrieved Matter . | . . . . . . . . . . Retrieved Components 22 | . . 10 10 2 . . . . . Parts Scanalyzed 6 | . . . . . . 6 . . . Part Schematics Acquired 6 | . . . . . . 6 . . . Parts Damaged . | . . . . . . . . . . Bothacking | -11 -10 -9 -9 -9 -9 -6 -5 -5 -5 ------------ Run | Yrd Mat Mat Sto Rec Scr Fac Fac Was Fac Used RIF Installer . | . . . . . . . . . . Robots Hacked 8 | . . . . . 2 5 1 . . Non-combat 6 | . . . . . . 5 1 . . Combat 2 | . . . . . 2 . . . . Robot Hacks Applied 13 | . . . . . 5 7 1 . . parse_system 7 | . . . . . 5 1 1 . . no_distress 4 | . . . . . . 4 . . . find_recycling 1 | . . . . . . 1 . . . check_alert 1 | . . . . . . 1 . . . Relay Couplers Released . | . . . . . . . . . . Fabnet Peak Effective % . | . . . . . . . . . . Robots Rewired . | . . . . . . . . . . Allies Hacked 1 | . . . . . . 1 . . . Hacks Repelled . | . . . . . . . . . . Allies | -11 -10 -9 -9 -9 -9 -6 -5 -5 -5 -------- Run | Yrd Mat Mat Sto Rec Scr Fac Fac Was Fac Total Allies 38 | . . 1 10 . . 7 . 20 . Largest Group 20 | . . 1 11 11 11 11 . 20 20 Highest-Rated Group 796 | . . 10 98 98 98 98 . 796 796 Highest-Rated Ally 50 | . . 10 16 16 16 32 . 50 50 Total Orders 8 | . . . 4 . 2 2 . . . STAY 4 | . . . 2 . 1 1 . . . FOLLOW 4 | . . . 2 . 1 1 . . . Ally Attacks 253 | . . . . 6 . 140 . . 107 Total Damage 5871 | . . . . 67 . 1967 . . 3837 Kills 40 | . . . . 2 . 11 . . 27 Allies Corrupted 1 | . . . . . . . . . 1 Allies Melted 1 | . . . . . . 1 . . . Intel | -11 -10 -9 -9 -9 -9 -6 -5 -5 -5 ------- Run | Yrd Mat Mat Sto Rec Scr Fac Fac Was Fac Active Infowar (turns) 5583 | 74 504 . . . . 2920 474 11 1600 Optics 2355 | . . . . . . 2355 . . . Sensors 4143 | . . . . . . 2543 . . 1600 Structural 223 | . 223 . . . . . . . . Seismic 355 | 74 281 . . . . . . . . Jamming 583 | . . . . . . 98 474 11 . Robot Analysis Total 12 | . . 1 2 . 6 3 . . . Derelict Logs Recovered . | . . . . . . . . . . Drone Launches . | . . . . . . . . . . Drone Recoveries . | . . . . . . . . . . Exploration | -11 -10 -9 -9 -9 -9 -6 -5 -5 -5 ------------- Run | Yrd Mat Mat Sto Rec Scr Fac Fac Was Fac Turns Passed 13961 | 155 1234 1297 2012 713 1860 3483 878 374 1955 Spaces Moved 9888 | 102 690 797 1130 674 1779 2246 636 277 1557 Core 28 | 25 . . . . . 1 . . 2 Treads . | . . . . . . . . . . Legs 16 | . . 1 10 . . . . . 5 Wheels 9731 | 77 690 796 1120 674 1779 2245 636 277 1437 Hover . | . . . . . . . . . . Flight 113 | . . . . . . . . . 113 Fastest Speed 50 | 50 100 125 100 100 100 90 100 115 50 Average Speed 112 | 89 118 125 128 100 101 112 109 115 112 Slowest Speed 550 | 150 125 270 200 100 105 550 115 115 250 Overloaded Moves . | . . . . . . . . . . Propulsion Burnouts . | . . . . . . . . . . Robots Hopped . | . . . . . . . . . . Potential Cave-ins 2 | . . . . . . . . . 2 Cave-ins Triggered 1 | . . . . . . . . . 1 Exploration Rate (%) 59 | 5 83 59 96 95 95 37 13 88 27 Regions Visited 9 Branch Regions 3 Pre-discovered Areas 1 | . . . . . . 1 . . . Known Exits Taken 3 | . . 1 1 . . 1 . . . Unknown Exits Taken 4 | 1 1 . . 1 1 . . . . Scrap Searched 6 | . . . . . 6 . . . . Spaces Dug 7 | . 6 . . . . . . . 1 Terrain Destroyed 201 | . 15 . . . . 134 . 1 51 Melee . | . . . . . . . . . . Projectile 29 | . 7 . . . . 11 . 1 10 AOE 162 | . 8 . . . . 113 . . 41 Terrain Rammed . | . . . . . . . . . . Walls Destroyed . | . . . . . . . . . . Machines Disabled . | . . . . . . . . . . Actions | -11 -10 -9 -9 -9 -9 -6 -5 -5 -5 --------- Run | Yrd Mat Mat Sto Rec Scr Fac Fac Was Fac Total 11698 | 131 928 960 1476 700 1843 2857 767 333 1703 Wait 811 | . 83 35 160 16 40 348 63 36 30 Move 9880 | 101 689 796 1129 673 1778 2245 636 276 1557 Hop . | . . . . . . . . . . Pick Up 98 | 6 23 10 12 2 3 14 9 4 15 Fast Attach 83 | 8 3 10 4 . . 25 10 3 20 Attach 38 | . 6 3 2 . 1 11 6 1 8 Detach 17 | 1 3 . 1 . . 6 2 2 2 Swap 64 | . 10 9 15 . 7 14 3 3 3 Drop 134 | . 16 25 21 2 9 28 1 6 26 Fire 504 | 15 94 72 112 7 . 155 22 . 27 Melee 25 | . . . . . 5 10 10 . . Ram 1 | . 1 . . . . . . . . Kick . | . . . . . . . . . . Crush . | . . . . . . . . . . Escape Stasis 15 | . . . . . . . . . 15 Rewire 2 | . . . . . . . . 2 . Trap 26 | . . . 20 . . 1 5 . . Miscellaneous . | . . . . . . . . . . Route ------- -11/Scrapyard -10/Materials (discovered 4 exits: *Mat x2 / [*Min] / [*Sub]) -9/Materials (discovered 6 exits: *Mat x3 / Min / *Sto x2) -9/Storage (discovered 2 exits: *Mat / *Rec) -9/Recycling -9/Scraptown (discovered 2 exits: *Fac x2) -6/Factory (discovered 2 exits: *Fac x2) -5/Factory -5/Waste -5/Factory (discovered 1 exit: *Fac) History --------- Turn | Location | Event 13 | -11/Scrapyard | Discovered new exit (range 16) 156 | -11/Scrapyard | Entered Materials 221 | -10/Materials | Discovered new exit (range 15) 300 | -10/Materials | Build established: Mutant 409 | -10/Materials | Core integrity fell below 50% 806 | -10/Materials | Discovered new exit (range 5) 950 | -10/Materials | Discovered new exit (range 15) 1186 | -10/Materials | Repaired Imp. Medium Laser 1343 | -10/Materials | Discovered new exit (range 6) 1390 | -10/Materials | Entered another Materials area 1390 | -9/Materials | Evolved 2 slots: Utility x2 1662 | -9/Materials | Met 8R-AWN 1875 | -9/Materials | Central database locked down 1895 | -9/Materials | Build established: Scavenger-Mutant 1950 | -9/Materials | Discovered new exit (range 5) 2079 | -9/Materials | Discovered new exit (range 15) 2158 | -9/Materials | Identified exit to Materials 2158 | -9/Materials | Identified exit to Mines 2158 | -9/Materials | Identified exit to Storage 2687 | -9/Materials | Entered Storage 2687 | -9/Storage | Accompanied by 1 ally 2801 | -9/Storage | Build established: Mutant 2875 | -9/Storage | Core integrity fell below 50% 3610 | -9/Storage | Garrison activated, responded to threat 3714 | -9/Storage | Found Prototype Launcher 3714 | -9/Storage | Identified Scatter Rocket Array 3740 | -9/Storage | Build established: Scavenger-Mutant 4062 | -9/Storage | Repaired Imp. Assault Rifle 4115 | -9/Storage | Build established: Mutant 4223 | -9/Storage | Identified exit to Recycling 4257 | -9/Storage | Discovered exit to Materials (range 15) 4529 | -9/Storage | Assisted by bots powering up and referring to "LRC-V3" 4659 | -9/Storage | Used back door to open Recycling access 4699 | -9/Storage | Entered Recycling 4699 | -9/Recycling | Accompanied by 11 allies 4827 | -9/Recycling | Build established: Commander-Mutant 4887 | -9/Recycling | Scanned before Scraplab entrance 5188 | -9/Recycling | Core integrity fell below 20% 5373 | -9/Recycling | Entered Scraplab 5401 | -9/Recycling | Discovered new exit (range 3) 5412 | -9/Recycling | Entered Scraptown 5412 | -9/Scraptown | Accompanied by 11 allies 5657 | -9/Scraptown | Discovered new exit (range 9) 5761 | -9/Scraptown | Visited TADAMA 5779 | -9/Scraptown | Visited Red Mages 5863 | -9/Scraptown | Visited Comm Corps 5906 | -9/Scraptown | Visited Spacefarers 5952 | -9/Scraptown | Heard Great Nut preacher, LISTEN AND RECITE! 6205 | -9/Scraptown | Visited Cave Peace 6264 | -9/Scraptown | Visited Fellowship of the Rings 6274 | -9/Scraptown | Visited SPCMW 6299 | -9/Scraptown | Visited UFD Registry 6299 | -9/Scraptown | Registered with UFD as "Thundersink" 6334 | -9/Scraptown | Visited Research Penetration Think Tank 6358 | -9/Scraptown | Visited Botcube Research 6367 | -9/Scraptown | Found Botcube 6424 | -9/Scraptown | Visited Junk Repository 6476 | -9/Scraptown | Visited Science Guys 6520 | -9/Scraptown | Visited Infowarlord's Domain 6542 | -9/Scraptown | Visited Analyses Database 6567 | -9/Scraptown | Visited Abandonware Association 6574 | -9/Scraptown | Learned abandonware demo "OVRCLOCK.EXE" 6581 | -9/Scraptown | Learned abandonware demo "ERRANTS.EXE" 6761 | -9/Scraptown | Visited Derelict Rescue Squad 6797 | -9/Scraptown | Visited DA-N13 Charitable Foundation 6801 | -9/Scraptown | Found DCF Scrap (28 items) 6971 | -9/Scraptown | Found Scrap Suit 7045 | -9/Scraptown | Discovered new exit (range 3) 7157 | -9/Scraptown | Met Optimus 7157 | -9/Scraptown | Accepted into 0bPrime 7272 | -9/Scraptown | Entered Factory 7272 | -6/Factory | Accompanied by 11 allies 7272 | -6/Factory | Evolved 6 slots: Propulsion x1, Utility x4, Weapon x1 7815 | -6/Factory | Build established: Commander-Skirmisher 8050 | -6/Factory | Lost 3 allies 8123 | -6/Factory | Repaired Imp. Sensor Array 8466 | -6/Factory | Lost 6 allies 8569 | -6/Factory | Loaded intel: 8 recycling unit locations 8824 | -6/Factory | Discovered new exit (range 11) 8846 | -6/Factory | Identified exit to Factory 8911 | -6/Factory | Build established: Hacker-Skirmisher 9934 | -6/Factory | Build established: Skirmisher 9938 | -6/Factory | Learned location of Protoforge (-2) 10151 | -6/Factory | Lost 8 parts (1p1n3u3w) 10405 | -6/Factory | Lost 3 allies 10620 | -6/Factory | Core integrity fell below 50% 10699 | -6/Factory | Core integrity fell below 20% 10749 | -6/Factory | Discovered exit to Factory (range 7) 10755 | -6/Factory | Entered another Factory area 10755 | -5/Factory | Evolved 2 slots: Propulsion x1, Utility x1 10778 | -5/Factory | Lost 12 parts (1p3n3u5w) 10801 | -5/Factory | Identified exit to DSF 11010 | -5/Factory | Build established: Hacker-Mutant 11181 | -5/Factory | Loaded intel: 8 recycling unit locations 11460 | -5/Factory | Lost 5 parts (2u3w) 11633 | -5/Factory | Sucked down chute 11633 | -5/Factory | Entered Waste 11634 | -5/Waste | Joined by Warlord forces that had cleared the area 11687 | -5/Waste | Found Prototype Hackware 11687 | -5/Waste | Identified Exp. System Shield 11863 | -5/Waste | Build established: Hacker-Tank 11929 | -5/Waste | Discovered new exit (range 12) 11953 | -5/Waste | Identified exit to Factory 12007 | -5/Waste | Entered Factory 12007 | -5/Factory | Accompanied by 20 allies 12108 | -5/Factory | Crushed by falling debris 12108 | -5/Factory | System corruption reached 10% 12109 | -5/Factory | Lost 9 allies 12223 | -5/Factory | Discovered new exit (range 15) 12308 | -5/Factory | Identified exit to Factory 12459 | -5/Factory | Build established: Hacker-Skirmisher 12752 | -5/Factory | Garrison activated, responded to threat 12863 | -5/Factory | Found Unknown Protection 12863 | -5/Factory | Identified Powered Armor 12866 | -5/Factory | Found Powered Armor 13207 | -5/Factory | First assault squad dispatched 13271 | -5/Factory | Build established: Hacker-Mutant 13411 | -5/Factory | Lost 3 parts (1n2u) 13665 | -5/Factory | Loaded intel: 8 recycling unit locations 13680 | -5/Factory | Build established: Mutant 13765 | -5/Factory | Core integrity fell below 50% 13841 | -5/Factory | Lost 15 parts (2p4n6u3w) 13953 | -5/Factory | Core integrity fell below 20% 13962 | -5/Factory | Destroyed by H-71 Marshal with Heavy Mass Driver Last Messages --------------- 13943_ Field strength at 90. 13944_ Field strength at 85. 13945_ Field strength at 80. 13946_ Field strength at 75. 13947_ Field strength at 70. 13948_ Field strength at 65. 13949_ Field strength at 60. 13950_ Lgt. Ion Engine destroyed. 13950_ Knocked back. 13951_ ALERT: Hostiles spotted, dispatching reinforcements to Terminal F009. 13954_ FYLG11#CQ374ZH9NOSMIO,AM 13954_ Penetrated by Slug. 13955_ Acquired 9 matter. 13956_ Imp. Signal Interpreter destroyed. 13956_ Knocked back. 13960_ Penetrated by Slug. 13960_ Cld. Nuclear Pulse Thruster destroyed. 13960_ Dropped Lrg. Storage Unit. 13961_ Extracted 6 energy. Map ----- +----------------------------------------------------+ | | | | | ????????????????????????????????????????????? | | ????????????????????????????????????????????? | | ????????????????????????????????????????????? | | ????????????????????????????????????????????? | | ????????????????????????????????????????????? | | ????????????????????????????????????????????? | | ????????????????????????????????????????????? | | ????????????????????????????????????????????? | | ????????????????????????????????????????????? | | ????????????????????????????????????????????? | | ??????????#######???????????????????????????? | | ?????????? #???????????????????????????? | | ??????????? ????????????????????????????? | | ???????????= ????????????????????????????? | | ???????????? ?????????????????????????????? | | ?##????????? ?????????????????????????????? | | #####+####????????????????#?????????? | | H +??????????????? #?????????? | | ####; ####+########## ##????????? | | ????????????# % ^ % % #????????? | | ????????????# k ^ ^ ]& +????????? | | ????????????# ]!] #????????? | | ????????????# ######;% /! #????????? | | ??????????### ###??## @ #????????? | | ??????????# #???# % #????????? | | ??????????# #???# ######;#######????????? | | ??????????# " #???# #??????#??????????????? | | ??????????# #???# #?????????????????????? | | ??????????# #???#+#?????????????????????? | | ??????????## ##???????????????????????????? | | ???######### #????????????????????????????? | | + #????????????????????????????? | | # #?????????????# ?????????????? | | # #?????????????# ?????????????? | | """ """?# #?????????????# ??? #???????? | | ? """ """?# #?????#######?# "" #???????? | | ???""" ""??# #????? ?# #???????? | | ??? ??# #????"""" ?# """ ######### | | ????##?#???# #??# "F " ## """ # ] # | | ???????????# #??# ## """ # # | | ############ #??# ## # # | | ## #??# """ """ ## ! # " " " # | | ] ## #??? """ """ ?# # " " " # | | ## ##????"" ""????? # " " " # | | ! # #######+#########+### " " " # | | # # " " " # | | "" "" + / " " " # | | "" "" # # " " " # | +----------------------------------------------------+ Best States ------------- Heat Dissipation 56 Energy Generation 20 Energy Capacity 310 Matter Stores 300 Matter Capacity 300 Sight Range 22 Robot Scan Range 16 Terrain Scan Density 10 Jamming Range 12 Power Amplification 20 Armor Coverage 400 Propulsion Shielding 66 Evasion (%) 50 Armor Integrity Analysis 30 Energy Filtering 50 Offensive Hacking 22 Defensive Hacking 16 Authchip Count 3 Item Schematics ----------------- Cesium-ion Thruster | -9/Storage | Hacked Arm. Wheel | -9/Storage | Hacked Great Axe | -9/Recycling | Hacked Xenon Bombardment Thruster | -9/Recycling | Hacked Med. Treads | -9/Recycling | Hacked Hyp. Coil Gun | -6/Factory | Scanalyzed Imp. Lightning Gun | -6/Factory | Scanalyzed Scatter Rocket Array | -6/Factory | Scanalyzed Enh. Nuclear Core | -6/Factory | Scanalyzed Matter Compressor | -6/Factory | Scanalyzed Adv. Beam Cannon | -6/Factory | Scanalyzed Robot Schematics ------------------ S-10 Pest | -9/Recycling | Hacked B-48 Gladiator | -6/Factory | Hacked Fabricated ------------ Nothing Repaired ---------- Imp. Medium Laser | 17% | -10/Materials Imp. Assault Rifle | 16% | -9/Storage Imp. Sensor Array | 36% | -6/Factory Alien Tech Used ----------------- None Achievements -------------- None Challenges ------------ None Game ------ Seed HackingInterceptFirepult Manual? 0 Play Time 02:24:55 Cumulative 323.9 hours Start 2025.08.19 @ 13:12:14 End 2025.08.19 @ 22:57:05 Sessions 6 Manual Loads 0 Difficulty Rogue Special Mode None Game No. 280 Rogue 280 Adventurer 0 Explorer 0 Win Type - Total 2 Types 2/0/0/0/0/0/0/0/0/0 Lore% 73 Gallery% 65 Achievement% 53 Wizard Run 0 Options --------- Layout 2 ASCII 1 Keyboard 1 Movement Numpad Keybinds 0 Fullscreen 2 Font 32/TamsynBold Map View 50x44 Zoom Use 0% Tactical HUD 1 Map Filters NONE Filters NONE Steam 1 RUN: 453e96ba-a10b-4667-95fa-6f3882baf141